 Dungeon Crawl Stone Soup version 0.21-a0-404-g291f19a (webtiles) character file.

137 tof the Twirler (level 5, 0/40 HPs)
             Began as a Minotaur Gladiator on Oct 28, 2017.
             Was an Initiate of Hepliaklqana.
             Slain by a gnoll
             ... wielding a +0 club
              (1 damage)
             ... on level 3 of the Dungeon.
             The game lasted 00:02:28 (2024 turns).

tof the Twirler (Minotaur Gladiator)                Turns: 2024, Time: 00:02:29

Health: 0/40       AC:  5    Str: 19    XL:     5   Next: 0%
Magic:  0/4        EV: 12    Int:  5    God:    Hepliaklqana [......]
Gold:   140        SH:  0    Dex: 12    Spells: 4/4 levels left

rFire    + . .     SeeInvis .   a - +0 quarterstaff
rCold    x . .     Gourm    .   (shield currently unavailable)
rNeg     . . .     Faith    .   h - +0 ring mail
rPois    .         Spirit   +   c - +0 hat
rElec    .         Reflect  .   (no cloak)
rCorr    .         Harm     .   (no gloves)
MR       .....                  (no boots)
Stlth    +.........             g - amulet of guardian spirit
HPRegen  0.13/turn              e - ring of fire
MPRegen  0.09/turn              (no ring)

@: no status effects
A: retaliatory headbutt, reduced essence, horns 2
a: Recall Ancestor, Ancestor Identity, Renounce Religion


You were on level 3 of the Dungeon.
You worshipped Hepliaklqana.
Hepliaklqana was noncommittal.
You were not hungry.

You visited 1 branch of the dungeon, and saw 3 of its levels.

You collected 140 gold pieces.

Inventory:

Hand Weapons
 a - a +0 quarterstaff (weapon)
Missiles
 d - 3 throwing nets (quivered)
 k - 40 poisoned needles
Armour
 b - a +0 leather armour
 c - a +0 hat (worn)
 h - a +0 ring mail (worn)
Jewellery
 e - a ring of fire (left hand)
 g - an amulet of guardian spirit (around neck)
Scrolls
 j - 3 scrolls of identify {unknown}
 l - a scroll of enchant weapon {unknown}
 n - 4 scrolls of teleportation {unknown}
 q - a scroll of magic mapping {unknown}
 s - a scroll of recharging {unknown}
Potions
 i - a potion of brilliance {unknown}
 m - a potion of cancellation {unknown}
 o - a potion of heal wounds {unknown}
 p - a potion of haste {unknown}
 r - a potion of ambrosia {unknown}
Comestibles
 f - 2 bread rations
 t - 2 chunks of flesh


   Skills:
 + Level 3.3 Fighting
 * Level 4.7 Staves
 + Level 2.7 Throwing
 * Level 2.4 Armour
 + Level 4.0 Dodging


You had 4 spell levels left.
You didn't know any spells.

Dungeon Overview and Level Annotations

Branches:
Dungeon (3/15)

Altars:
Cheibriados
Gozag
Hepliaklqana
Okawaru
Yredelemnul


Innate Abilities, Weirdness & Mutations

You reflexively headbutt those who attack you in melee.
You have a pair of horns on your head.
Your life essence is reduced to manifest your ancestor. (-10% HP)


Message History

The gnoll hits you with a spear.
* * * LOW HITPOINT WARNING * * *
You hit the gnoll.
You kill the gnoll!
Your Dodging skill increases to level 4!
You have reached level 5!
You hit the gnoll.
The gnoll is moderately wounded.
The gnoll hits you but does no damage.
You hit the gnoll.
The gnoll is moderately wounded.
The gnoll hits you with a club.
* * * LOW HITPOINT WARNING * * *
You hit the gnoll but do no damage.
The gnoll is moderately wounded.
The gnoll barely misses you.
You hit the gnoll.
The gnoll is severely wounded.
The gnoll hits you with a club.
You die...

## §. P§§
§§§§##########
.§§P§§#.(R@g..#
§P.§...(#####.#####
.§.######.........#
#.###.###.# #.# #.#
#.. #(# ##. #.# ###
####.##(# #..
.......(# #.#


You could see the friendly Servia the ancestor and a gnoll.

Vanquished Creatures
  An orc wizard (D:3)
  A hound skeleton (D:3)
  2 gnolls (D:3)
  An adder (D:3)
  2 oozes (D:1)
  A worm (D:2)
  A leopard gecko (D:1)
  2 orcs (D:3)
  2 giant cockroaches
  3 goblins (D:1)
  3 hobgoblins
  3 kobolds (D:1)
  A ball python (D:1)
  5 bats (D:1)
  6 frilled lizards
  8 rats
42 creatures vanquished.

Vanquished Creatures (collateral kills)
  An adder (D:3)
  A gnoll (D:3)
  A leopard gecko skeleton (D:3)
  A quokka zombie (D:3)
4 creatures vanquished.

Vanquished Creatures (others)
  An ancestor (D:3)
1 creature vanquished.

Grand Total: 47 creatures vanquished

Notes
Turn   | Place    | Note
-------+----------+-------------------------------------------
     0 | D:1      | tof the Minotaur Gladiator began the quest for the Orb.
     0 | D:1      | Reached XP level 1. HP: 18/18 MP: 0/0
    99 | D:1      | Reached XP level 2. HP: 23/25 MP: 1/1
   301 | D:1      | Reached skill level 1 in Armour
   469 | D:1      | Reached XP level 3. HP: 30/30 MP: 2/2
  1328 | D:2      | Found an iron altar of Okawaru.
  1328 | D:2      | Found a hazy altar of Hepliaklqana.
  1328 | D:2      | Found a snail-covered altar of Cheibriados.
  1329 | D:2      | Found a basalt altar of Yredelemnul.
  1333 | D:2      | Found an opulent altar of Gozag.
  1336 | D:2      | Became a worshipper of Hepliaklqana the Forgotten
  1613 | D:3      | Reached XP level 4. HP: 16/34 MP: 1/3
  2020 | D:3      | Reached XP level 5. HP: 5/40 MP: 2/4
  2022 | D:3      | HP: 1/40 [gnoll/club (4)]
  2024 | D:3      | Slain by a gnoll

Vault maps used:
D:1:      evilmike_arrival_hilbert_curve
D:2:      minitemple, first_bread
D:3:      serial_undead, serial_undead_b, serial_undead_a, serial_undead_b,
          serial_undead_c, serial_undead_a, serial_undead_d, serial_undead_e,
          serial_undead_d

Skill      XL: |  1  2  3  4 |
---------------+-------------+-----
Staves         | 4 |  4.7
Armour         | 1 2 |  2.4
Fighting       | 3 |  3.3
Dodging        | 4 |  4.0
Throwing       | |  2.7

Action                   |  1- 3 |  4- 6 || total
-------------------------+-------+-------++-------
Melee: Quarterstaff      |    51 |    31 ||    82
       Headbutt          |     5 |     3 ||     8
  Eat: Chunk             |     2 |     1 ||     3
Armor: Ring mail         |    10 |     6 ||    16
Dodge: Dodged            |    40 |    21 ||    61

Table legend:
 A = Spawn XP
 B = Non-spawn XP
 C = Spawn XP percentage of total XP
 D = Spawn monster count
 E = Non-spawn monster count
 F = Spawn count percentage of total count
 G = Total turns spent on level
                    A         B        C        D         E        F      G
               +---------+---------+-------+---------+---------+-------+---------
         Total |       0 |     196 |   0.0 |       0 |      46 |   0.0 |  2024
               +---------+---------+-------+---------+---------+-------+---------
           D:1 |       0 |      47 |   0.0 |       0 |      27 |   0.0 |   724
           D:2 |       0 |      13 |   0.0 |       0 |       7 |   0.0 |   840
           D:3 |       0 |     136 |   0.0 |       0 |      12 |   0.0 |   460
               +---------+---------+-------+---------+---------+-------+---------
